 Dungeon Crawl Stone Soup version 0.30-b1-5-g8e6c1be481 (webtiles) character file.

Game seed: 7228817714433770232

54 Hexicom the Firebug (level 3, -13/27 HPs)
             Began as a Draconian Fire Elementalist on May 4, 2023.
             Killed by an exploding Terence (27 damage)
             ... ignited by their inner flame
             ... on level 2 of the Dungeon.
             The game lasted 00:16:24 (1458 turns).

Hexicom the Firebug (Draconian Fire Elementalist)   Turns: 1458, Time: 00:16:24

Health: -13/27     AC:  6    Str: 10    XL:     3   Next: 66%
Magic:  0/6        EV: 12    Int: 17    God:
Gold:   43         SH:  0    Dex: 11    Spells: 0/6 levels left

rFire   . . .        c - +0 dagger (vamp)
rCold   . . .        (no shield)
rNeg    . . .        (body armour unavailable)
rPois   .            (helmet restricted)
rElec   .            b - +0 cloak
rCorr   .            (no gloves)
SInv    .            (no boots)
Will    .....        (no amulet)
Stlth   ++           (no ring)
HPRegen 0.24/turn    (no ring)
MPRegen 0.10/turn

%: no passive effects
@: no status effects
A: AC +5, unfitting armour, cold-blooded
a: no special abilities


You were on level 2 of the Dungeon.
You visited 1 branch of the dungeon, and saw 2 of its levels.

You collected 43 gold pieces.

Inventory:

Hand Weapons
 c - a +0 vampiric dagger (weapon)
Armour
 b - a +0 cloak (worn)
Jewellery
 e - a ring of magical power
Potions
 a - a potion of magic
 d - a potion of curing {unknown}


   Skills:
 + Level 0.9 Fighting
 - Level 1.7 Dodging
 - Level 1.7 Stealth
 - Level 2.0 Spellcasting
 - Level 1.0 Conjurations
 * Level 4.5 Fire Magic


You couldn't memorise any spells.
You knew the following spells:

 Your Spells              Type           Power      Damage    Failure   Level
a - Foxfire               Conj/Fire      44%        2x1d6     6%          1
b - Scorch                Fire           34%        2d6       4%          2
c - Inner Flame           Hex/Fire       9%         N/A       22%         3

Your spell library contained the following spells:

 Spells                   Type           Power      Damage    Failure   Level
 Apportation              Tloc           2%         N/A       19%         1
 Volatile Blastmotes      Fire/Tloc      18%        2d11      22%         3
 Flame Wave               Conj/Fire      11%        2d6       52%         4
 Alistair's Intoxication  Tmut/Pois      0%         N/A       99%         5


Dungeon Overview and Level Annotations

Branches:
Dungeon (2/15)

Altars:

Shops:
D:1 :

Annotations:
D:2 Sigmund


Innate Abilities, Weirdness & Mutations

Your plain brown scales are hard. (AC +5)
You cannot fit into any form of body armour.
You are cold-blooded and may be slowed by cold attacks.


Message History

Terence shouts!
Terence says, "Rest in peace."
Casting: Foxfire (safe; 6% risk of failure)
Confirm with . or Enter, or press ? or * to list all spells.
The spell is extremely dangerous to miscast (22% risk of failure)!
Continue anyway?
Aiming: Inner Flame (extremely dangerous; 22% risk of failure)
Press: ? - help, Dir - move target, f - Terence
Aim: Terence, wielding a +2 mace of holy wrath and wearing a +0 scale mail (chance to affect: 67%) Terence is filled with an inner flame.
Terence says, "You're history."
Casting: Inner Flame (extremely dangerous; 22% risk of failure)
Confirm with . or Enter, or press ? or * to list all spells.
You conjure some foxfire!
An endoplasm comes into view.
The foxfire hits Terence.
Flame seeps out of Terence.
Terence is moderately wounded.
The foxfire hits Terence.
Flame seeps out of Terence.
Terence is moderately wounded.
Terence is engulfed in blazing flames.
Flame seeps out of Terence.
You closely miss Terence.
Terence is almost dead.
Terence hits you with a +2 mace of holy wrath!
You hit Terence but do no damage.
Terence is almost dead.
Terence barely misses you.
You hit Terence but do no damage.
Terence is almost dead.
Terence looks scornfully at you.
Terence hits you with a +2 mace of holy wrath!
Casting: Foxfire (safe; 6% risk of failure)
Confirm with . or Enter, or press ? or * to list all spells.
Flames lash Terence.
Flame seeps out of Terence.
Terence is almost dead.
Terence's fire resistance burns away.
You hear an angry hiss.
Terence is engulfed in blazing flames.
Terence explodes!
The fiery explosion engulfs you!!
Ouch! That really hurt!
You die...

#...........#
............#
............##
..[..........####
†.†..#####......##
##'### #..###..#
##.#######..# #.####
)...........####§§..#...
##..............@○§J....
###########.######.##...
# #.# # # #.# # #.# #
... # ... ....... ...
####...


You could see an endoplasm.

Vanquished Creatures
  Terence (D:2)
  2 adders (D:2)
  A worm (D:2)
  2 dart slugs (D:1)
  An endoplasm (D:1)
  2 giant cockroaches (D:1)
  2 goblins
  3 hobgoblins (D:1)
  3 jackals (D:1)
  A kobold (D:1)
  A quokka (D:1)
  4 ball pythons (D:1)
  2 bats (D:1)
  A frilled lizard (D:1)
  3 rats (D:1)
29 creatures vanquished.

Vanquished Creatures (others)
  39 foxfires
39 creatures vanquished.

Grand Total: 68 creatures vanquished

Notes
Turn   | Place    | Note
-------+----------+-------------------------------------------
     0 | D:1      | Hexicom the Draconian Fire Elementalist began the quest for
                  | the Orb.
     0 | D:1      | Reached XP level 1. HP: 14/14 MP: 3/3
   209 | D:1      | Reached XP level 2. HP: 19/20 MP: 5/5
   586 | D:1      | Reached skill level 4 in Fire Magic
   708 | D:1      | Found Tomasy's Book Shop.
   963 | D:1      | Reached XP level 3. HP: 26/26 MP: 6/6
   988 | D:1      | Learned a level 2 spell: Scorch
  1167 | D:1      | Learned a level 3 spell: Inner Flame
  1212 | D:2      | Noticed Sigmund
  1446 | D:2      | Noticed Terence
  1458 | D:2      | Killed Terence
  1458 | D:2      | Killed by an exploding Terence... ignited by their inner
                  | flame

Illustrated notes

Levels and vault maps discovered:
D:1:      arrival_zaba_pyramid, layout_basic, serial_shops, shop,
          grunt_decor_mini_mirrors
D:2:      layout_basic, uniq_terence, uniq_sigmund

Skill      XL: |  1  2 |
---------------+-------+-----
Fire Magic     | 4 |  4.5
Fighting       | |  0.9
Dodging        | |  1.7
Stealth        | |  1.7
Spellcasting   | |  2.0
Conjurations   | |  1.0

Action                     || total
---------------------------++-------
  Melee: Unarmed           ||    19
         Tailslap          ||    14
         Dagger            ||    53
   Cast: Foxfire           ||    27
         Scorch            ||     4
         Inner Flame       ||     2
    Use: Scroll            ||     2
   Stab: Sleeping          ||     4
 Armour: Skin              ||    21
  Dodge: Dodged            ||    64
